 Dungeon Crawl Stone Soup version 0.22-a0-282-gdd34a7d (webtiles) character file.

142 Amnesiac the Magician (level 5, 0/28 HPs)
             Began as a Deep Elf Enchanter on Mar 18, 2018.
             Killed from afar by an orc wizard (8 damage)
             ... with a magic dart
             ... on level 3 of the Dungeon.
             The game lasted 00:04:19 (2595 turns).

Amnesiac the Magician (Deep Elf Enchanter)          Turns: 2595, Time: 00:04:20

Health: 0/28       AC:  2    Str:  5    XL:     5   Next: 4%
Magic:  13/13      EV: 13    Int: 21    God:
Gold:   117        SH:  0    Dex: 15    Spells: 6/12 levels left

rFire    . . .     SeeInvis .   o - +0 short sword (venom)
rCold    . . .     Gourm    .   (no shield)
rNeg     . . .     Faith    .   b - +0 robe
rPois    .         Spirit   .   (no helmet)
rElec    .         Reflect  .   (no cloak)
rCorr    .         Harm     .   (no gloves)
MR       .....                  (no boots)
Stlth    +++.......             (no amulet)
HPRegen  0.09/turn              r - ring of flight
MPRegen  0.13/turn              (no ring)

@: no status effects
A: no striking features
a: Evoke Flight


You were on level 3 of the Dungeon.
You were very hungry.

You visited 2 branches of the dungeon, and saw 5 of its levels.

You collected 117 gold pieces.

Inventory:

Hand Weapons
 a - a +1 dagger
 o - a +0 short sword of venom (weapon)
Armour
 b - a +0 robe (worn)
Jewellery
 c - an uncursed ring of fire
 r - a ring of flight (left hand)
Scrolls
 g - a scroll of enchant armour {!r, unknown}
 h - 2 scrolls of blinking {!r, unknown}
 i - a scroll of noise {!r, unknown}
 j - 2 scrolls of amnesia {!r, unknown}
 l - 2 scrolls of magic mapping {!r, unknown}
 m - 3 scrolls of identify {!r, unknown}
 p - a scroll of fear {!r, unknown}
 q - 2 scrolls of teleportation {!r}
 s - a scroll of remove curse {!r, unknown}
Potions
 e - a potion of cancellation {!q, unknown}
 k - a potion of degeneration {!q, unknown}
 n - a potion of berserk rage {!q, unknown}
Comestibles
 d - 5 rations


   Skills:
 + Level 0.1 Fighting
 - Level 4.0 Short Blades
 - Level 2.4 Dodging
 - Level 4.0 Stealth
 - Level 4.3 Spellcasting
 - Level 4.0 Hexes


You had 6 spell levels left.
You knew the following spells:

 Your Spells              Type           Power        Failure   Level  Hunger
a - Ensorcelled Hibernat  Hex/Ice        ##....       8%          2    #......
b - Corona                Hex            ###....      2%          1    None
e - Confuse               Hex            ###.....     7%          3    ##.....


Dungeon Overview and Level Annotations

Branches:
Dungeon (4/15)             Temple (1/1) D:4

Altars:
Ashenzari
Dithmenos
Elyvilon
Fedhas
Gozag
Hepliaklqana
Qazlal
Ru
Wu Jian
Lugonu


Message History

You hit the orc priest.
You kill the orc priest!
Training target 4.0 for Spellcasting reached!
Your Spellcasting skill increases to level 4!
You need to enable at least one skill for training.
You have reached level 5!
There is a stone staircase leading down here.
Things that are here:
a hand axe; a leather armour There isn't anything to butcher here.
You start resting.
Magic restored.
An orc comes into view. It is wielding a short sword.
The orc shouts!
An orc is nearby!
An orc is nearby!
You completely miss the orc. The orc barely misses you.
You hit the orc.
The orc is poisoned.
The orc is severely wounded.
The orc misses you.
You closely miss the orc.
The orc is severely wounded.
The orc hits you with a short sword.
The orc shouts!
You hit the orc but do no damage.
The orc is almost dead.
The orc barely misses you.
You closely miss the orc.
The orc is almost dead.
You kill the orc!
Things that are here:
a short sword; a leather armour; an orc corpse You butcher the orc corpse.
Items here: % ) [ ÷ a short sword; a leather armour; 4 chunks of flesh; an orc skeleton The orc hits you but does no damage.
You hit the orc.
The orc is poisoned.
The orc is heavily wounded.
The orc hits you but does no damage.
An orc wizard comes into view. It is wielding a dagger.
The orc wizard shouts!
You hit the orc.
You kill the orc!
The orc wizard gestures at you while chanting.
The puff of frost hits you!
You hit the orc wizard.
The orc wizard is poisoned.
The orc wizard is lightly wounded.
The orc wizard hits you with a dagger.
You closely miss the orc wizard.
The orc wizard is lightly wounded.
You hit the orc wizard.
The orc wizard is moderately wounded.
The orc wizard gestures at you while chanting.
The magic dart hits you!
* * * LOW HITPOINT WARNING * * *
You hit the orc wizard but do no damage.
The orc wizard is moderately wounded.
The orc wizard completely misses you.
You hit the orc wizard but do no damage.
The orc wizard looks as sick as possible!
The orc wizard is moderately wounded.
The orc wizard gestures at you while chanting.
The magic dart hits you!
You die...

#. ..+ #. ..# #.##
.⌠. #....##..# ...
#....#...####'##
#....#....#....##
#....#.....o....#
#....# #).@.....#
#....# #..........
..##....###).......##
...............#####
..####..######.#
.......>.#<..#.#
########.....#.#
#.#####.# #.....#


You could see an orc wizard.

Vanquished Creatures
  An orc priest (D:3)
  Natasha (D:2)
  2 gnolls (D:3)
  2 oozes
  3 worms (D:2)
  2 dart slugs (D:1)
  2 leopard geckos
  2 orcs (D:3)
  2 giant cockroaches (D:1)
  6 goblins
  4 hobgoblins
  A quokka (D:2)
  A ball python (D:1)
  7 bats
  4 kobolds
  A quokka skeleton (D:4)
  3 rats (D:1)
44 creatures vanquished.

Notes
Turn   | Place    | Note
-------+----------+-------------------------------------------
     0 | D:1      | Amnesiac the Deep Elf Enchanter began the quest for the Orb.
     0 | D:1      | Reached XP level 1. HP: 10/10 MP: 6/6
   222 | D:1      | Reached XP level 2. HP: 15/15 MP: 8/8
   378 | D:2      | You fall through a shaft for 2 floors!
   389 | D:4      | Learned a level 2 spell: Ensorcelled Hibernation
   413 | D:4      | Found a staircase to the Ecumenical Temple.
   421 | Temple   | Entered the Ecumenical Temple
   742 | D:2      | Noticed Natasha
  1022 | D:1      | Reached XP level 3. HP: 19/19 MP: 9/9
  1027 | D:1      | Learned a level 3 spell: Confuse
  1579 | D:2      | Found a shadowy altar of Dithmenos.
  2121 | D:2      | Killed Natasha
  2121 | D:2      | Reached XP level 4. HP: 13/24 MP: 7/10
  2554 | D:3      | Reached XP level 5. HP: 28/28 MP: 8/13
  2595 | D:3      | Killed from afar by an orc wizard

Vault maps used:
D:1:      dpeg_arrival_arbitrary_c, minmay_misc_feat_iff
D:2:      lemuel_coloured_pillars_altar, uniq_natasha
D:3:      lemuel_blue_sif_altar, lemuel_doored_altar, st_stairs_4,
          minmay_fountain_box
D:4:      zin_statuary, gammafunk_temple_overflow_elements,
          minmay_temple_entry_statues_pillars, nzn_random_ring
Temple:   corrupted_temple

Skill      XL: |  1  2  3  4 |
---------------+-------------+-----
Stealth        | 4 |  4.0
Short Blades   | 2 4 |  4.0
Spellcasting   | 4 |  4.3
Fighting       | |  0.1
Dodging        | |  2.4
Hexes          | |  4.0

Action                   |  1- 3 |  4- 6 || total
-------------------------+-------+-------++-------
Melee: Dagger            |    59 |       ||    59
       Short sword       |    43 |    21 ||    64
 Cast: Corona            |     6 |       ||     6
       Ensorcelled Hiber |    11 |     1 ||    12
       Confuse           |     4 |     3 ||     7
  Use: Scroll            |     1 |       ||     1
 Stab: Sleeping          |    20 |       ||    20
       Distracted        |     1 |       ||     1
       Confused          |     1 |     2 ||     3
  Eat: Chunk             |     4 |     1 ||     5
Armor: Robe              |    11 |     2 ||    13
Dodge: Dodged            |    65 |     9 ||    74

Table legend:
 A = Spawn XP
 B = Non-spawn XP
 C = Spawn XP percentage of total XP
 D = Spawn monster count
 E = Non-spawn monster count
 F = Spawn count percentage of total count
 G = Total turns spent on level
                    A         B        C        D         E        F      G
               +---------+---------+-------+---------+---------+-------+---------
         Total |       0 |     204 |   0.0 |       0 |      44 |   0.0 |  2595
               +---------+---------+-------+---------+---------+-------+---------
           D:1 |       0 |      45 |   0.0 |       0 |      21 |   0.0 |   908
           D:2 |       0 |      80 |   0.0 |       0 |      16 |   0.0 |  1291
           D:3 |       0 |      75 |   0.0 |       0 |       5 |   0.0 |    90
           D:4 |       0 |       4 |   0.0 |       0 |       2 |   0.0 |    48
               +---------+---------+-------+---------+---------+-------+---------
